 Dungeon Crawl Stone Soup version 0.30-a0-726-gd89dcf765f (webtiles) character file.

Game seed: 10264407251729993335

72 Arximoufas the Conjurer (level 4, -1/24 HPs)
             Began as a Deep Elf Conjurer on Jan 29, 2023.
             Slain by Pargi (2 damage)
             ... on level 3 of the Dungeon.
             The game lasted 00:04:05 (1837 turns).

Arximoufas the Conjurer (Deep Elf Conjurer)         Turns: 1837, Time: 00:04:06

Health: -1/24      AC:  5    Str:  4    XL:     4   Next: 6%
Magic:  7/11       EV: 12    Int: 25    God:
Gold:   138        SH:  0    Dex: 13    Spells: 6/10 levels left

rFire   . . .      SeeInvis .    k - +1 dagger (elec)
rCold   . . .      Faith    .    (no shield)
rNeg    . . .      Spirit   .    a - +0 robe
rPois   .          Reflect  .    (no helmet)
rElec   .          Harm     .    (no cloak)
rCorr   .          Rampage  .    f - +2 pair of gloves
Will    +....                    (no boots)
Stlth   ++                       i - amulet of regeneration
HPRegen 1.04/turn                n - ring of willpower
MPRegen 0.12/turn                (no ring)

@: no status effects
A: no striking features
a: no special abilities


You were on level 3 of the Dungeon.
You visited 1 branch of the dungeon, and saw 3 of its levels.

You collected 138 gold pieces.

Inventory:

Hand Weapons
 k - a +1 dagger of electrocution (weapon)
Missiles
 l - 3 poisoned darts
Armour
 a - a +0 robe (worn)
 f - a +2 pair of gloves (worn)
Jewellery
 i - an amulet of regeneration (around neck)
 n - a ring of willpower (left hand)
Scrolls
 g - a scroll of magic mapping {unknown}
 h - 2 scrolls of identify {unknown}
 m - a scroll of acquirement {unknown}
Potions
 c - a potion of lignification {unknown}
 d - 2 potions of heal wounds {unknown}
 e - a potion of attraction {unknown}
 j - a potion of curing {unknown}


   Skills:
 - Level 2.4 Dodging
 + Level 3.5 Stealth
 + Level 3.9 Spellcasting
 - Level 5.3 Conjurations
 + Level 0.0 Fire Magic
 + Level 0.0 Poison Magic


You had 6 spell levels left.
You knew the following spells:

 Your Spells              Type           Power      Damage    Failure   Level
a - Magic Dart            Conj           100%       1d8       1%          1
b - Ignite Poison         Fire/Tmut/Pois 5%         N/A       26%         3

Your spell library contained the following spells:

 Spells                   Type           Power      Damage    Failure   Level
 Searing Ray              Conj           62%        2d6       1%          2
 Dazzling Flash           Conj/Hex       36%        N/A       9%          3
 Kindle Blastsparks       Fire/Tloc/Air  10%        2d10      26%         3
 Fulminant Prism          Conj/Hex       9%         3d7       30%         4
 Iskenderun's Mystic Bla  Conj/Tloc      18%        2d6       30%         4
 Freezing Cloud           Conj/Ice/Air   6%         6-21      77%         5


Dungeon Overview and Level Annotations

Branches:
Dungeon (3/15)

Altars:

Annotations:
D:1 1 runed translucent door
D:3 Pargi


Message History

Pargi is almost dead.
Pargi bites you.
* * * LOW HITPOINT WARNING * * *
Pargi claws you but does no damage. Pargi closely misses you.
You don't have enough magic to cast this spell.
You don't have enough magic to cast this spell.
Magic courses through your body.
Pargi barely misses you. x2; Pargi claws you.
* * * LOW HITPOINT WARNING * * *
Aiming: Magic Dart (safe; 1% risk of failure)
Press: ? - help, Q - select action, (/) - cycle Shift-Dir - straight line, f/p - Pargi
Aim: Pargi (severely wounded, 100% to hit)
The magic dart hits Pargi but does no damage.
Pargi is severely wounded.
Pargi closely misses you. Pargi claws you but does no damage.
Pargi closely misses you.
Aiming: Magic Dart (safe; 1% risk of failure)
Press: ? - help, Q - select action, (/) - cycle Shift-Dir - straight line, f/p - Pargi
Aim: Pargi (severely wounded, 100% to hit)
The magic dart hits Pargi.
Pargi is almost dead.
Pargi misses you. Pargi barely misses you. x2
Aiming: Magic Dart (safe; 1% risk of failure)
Press: ? - help, Q - select action, (/) - cycle Shift-Dir - straight line, f/p - Pargi
Aim: Pargi (almost dead, 100% to hit)
The magic dart hits Pargi.
Pargi is almost dead.
Pargi bites you.
* * * LOW HITPOINT WARNING * * *
Pargi claws you.
* * * LOW HITPOINT WARNING * * *
Pargi closely misses you.
Aiming: Magic Dart (safe; 1% risk of failure)
Press: ? - help, Q - select action, (/) - cycle Shift-Dir - straight line, f/p - Pargi
Aim: Pargi (almost dead, 100% to hit)
The magic dart hits Pargi.
Pargi is almost dead.
Pargi bites you.
* * * LOW HITPOINT WARNING * * *
Pargi claws you.
You die...

#..#.# #..#..#
#..'...# #..#T...##
### ###..#.....##
#.. ..#..##..[..##
#.# #.#..# .....
#.# #.#..#####'###
##@###.#...........
#..Tgg.........#.##
######....###.#####
###.....###...
#....##...).
#.........8.
#.#...8...).
#.#.......8.
#.#..##.....


You could see Pargi, a hobgoblin and a goblin.

Vanquished Creatures
  2 adders (D:2)
  A worm (D:2)
  2 dart slugs (D:1)
  7 bats
  4 endoplasms (D:2)
  4 giant cockroaches
  4 goblins
  2 hobgoblins (D:2)
  3 jackals (D:1)
  3 quokkas (D:1)
  2 frilled lizards
  4 kobolds (D:2)
  5 rats
43 creatures vanquished.

Vanquished Creatures (others)
  10 fungi (D:3)
  3 plants (D:3)
13 creatures vanquished.

Grand Total: 56 creatures vanquished

Notes
Turn   | Place    | Note
-------+----------+-------------------------------------------
     0 | D:1      | Arximoufas the Deep Elf Conjurer began the quest for the
                  | Orb.
     0 | D:1      | Reached XP level 1. HP: 10/10 MP: 6/6
     1 | D:1      | Found a runed translucent door.
   155 | D:1      | Reached XP level 2. HP: 15/15 MP: 1/8
   996 | D:2      | Reached skill level 5 in Conjurations
  1052 | D:2      | Reached XP level 3. HP: 19/19 MP: 7/10
  1584 | D:2      | Reached XP level 4. HP: 24/24 MP: 7/11
  1742 | D:3      | Noticed Pargi
  1753 | D:3      | Learned a level 3 spell: Ignite Poison
  1792 | D:3      | Found a faded altar of an unknown god.
  1837 | D:3      | HP: 1/24 [Pargi (2)]
  1837 | D:3      | Slain by Pargi

Illustrated notes

Levels and vault maps discovered:
D:1:      dpeg_arrival_caged_fury, layout_loops_ring
D:2:      layout_rooms, st_stairs_2, serial_park_tiny_1
D:3:      layout_basic, fedhas_altar_3, makhleb_altar_promises_db,
          hellmonk_ecumenical_altar_prayer_group, serial_rivers,
          chequers_serial_rivers_small_b, chequers_serial_rivers_large_a,
          chequers_serial_rivers_room_a, chequers_serial_rivers_room_b,
          minmay_crystal_room, minmay_quadrilaterals, uniq_pargi

Skill      XL: |  1  2 |
---------------+-------+-----
Stealth        | 3 |  3.5
Conjurations   | 5 |  5.3
Dodging        | |  2.4
Spellcasting   | |  3.9

Action                     |  1- 3 |  4- 6 || total
---------------------------+-------+-------++-------
   Cast: Magic Dart        |    78 |    22 ||   100
    Use: Potion            |       |     1 ||     1
 Armour: Robe              |     1 |    11 ||    12
  Dodge: Dodged            |     1 |    35 ||    36

Table legend: (Time is in decaauts)
 A = Elapsed time spent in this place.
 B = Non-inter-level travel time spent in this place.
 C = Inter-level travel time spent in this place.
 D = Time resting spent in this place.
 E = Time spent auto-exploring this place.
 F = Levels seen in this place.
 G = Mean time per level.
                   A        B        C        D        E       F      G
               +--------+--------+--------+--------+--------+-----+--------+
         Total |   1837 |   1818 |     19 |      0 |   1592 |   3 |  612.3 |
       Dungeon |   1837 |   1818 |     19 |      0 |   1592 |   3 |  612.3 |
               +--------+--------+--------+--------+--------+-----+--------+

Top non-repeatable levels by time:
     D:1: 917 daAuts
     D:2: 791 daAuts
     D:3: 129 daAuts
